 Dungeon Sprint DCSS version 0.30-a0-12-gd8047c6341 (webtiles) character file.

Game seed: 8822489972259671106

3773 mhtbhm the Imperceptible (level 9, -16/47 HPs)
             Began as a Spriggan Brigand on Aug 23, 2022.
             Was an Elder of Dithmenos.
             Killed from afar by Dowan (30 damage)
             ... with a shard of ice
             ... in the Dungeon (Sprint III: "The Ten Rune Challenge").
             The game lasted 00:04:12 (1160 turns).

mhtbhm the Imperceptible (Spriggan Brigand)         Turns: 1160, Time: 00:04:12

Health: -16/47     AC:  3    Str:  7    XL:     9   Next: 94%
Magic:  8/10       EV: 20    Int: 13    God:    Dithmenos [****..]
Gold:   21         SH:  0    Dex: 20    Spells: 8/8 levels left

rFire   . . .      SeeInvis +    a - +2 dagger
rCold   . . .      Faith    .    (no shield)
rNeg    . . .      Spirit   .    b - +0 robe
rPois   .          Reflect  .    (helmet restricted)
rElec   .          Harm     .    c - +0 cloak
rCorr   .          Rampage  .    (gloves unavailable)
Will    +....      NoTele   +    (boots unavailable) Stlth ****++++++
                                 (no amulet)
HPRegen 0.15/turn                (no ring)
MPRegen 0.12/turn                (no ring)

@: wreathed by umbra, very quick
A: very small, no large weapons, unfitting armour, see invisible, speed 3
a: Renounce Religion, Shadow Step


You were in the Dungeon.
You worshipped Dithmenos.
Dithmenos was greatly pleased with you.
You visited 1 branch You collected 21 gold pieces.

Inventory:

Hand Weapons
 a - a +2 dagger (weapon)
Missiles
 d - 8 poisoned darts (quivered)
Armour
 b - a +0 robe (worn)
 c - a +0 cloak (worn)
Scrolls
 m - a scroll of immolation {unknown}
 n - a scroll of identify {unknown}
 p - a scroll of torment {unknown}
 q - a scroll of poison {unknown}
Potions
 f - a potion of curing
 g - a potion of berserk rage
 h - 2 potions of haste
 i - 2 potions of magic
 j - a potion of might
 o - 2 potions of flight {unknown}
Miscellaneous
 l - a condenser vane (inert)


   Skills:
 + Level 5.3 Fighting
 + Level 11.1 Short Blades
 + Level 10.8 Throwing
 + Level 4.7 Dodging
 + Level 25.0 Stealth
 + Level 0.3 Invocations


You had 8 spell levels left.
You didn't know any spells.
Your spell library contained the following spells:

 Spells                   Type           Power      Damage    Failure   Level
 Foxfire                  Conj/Fire      0%         2x1d4     30%         1
 Blink                    Tloc           0%         N/A       43%         2
 Conjure Flame            Conj/Fire      0%         6-21      67%         3
 Inner Flame              Hex/Fire       0%         N/A       67%         3
 Flame Wave               Conj/Fire      0%         2d4       97%         4
 Manifold Assault         Tloc           0%         N/A       100%        5
 Storm Form               Tmut/Air       0%         N/A       100%        7


Dungeon Overview and Level Annotations

Branches:
Dungeon (1/1)

Altars:
Cheibriados
Dithmenos
Elyvilon
Fedhas
Gozag
Hepliaklqana
Kikubaaqudgha
Makhleb
Nemelex Xobeh
Okawaru
Qazlal
Ru
Sif Muna
Trog
Uskayaw
Vehumet
Wu Jian
Xom
Yredelemnul
Zin
The Shining One
Jiyva
Lugonu

Annotations:
D Dowan


Innate Abilities, Weirdness & Mutations

You are very small and have problems with some larger weapons.
You are too small for most types of armour.
You have supernaturally acute eyesight. (SInv)
You cover ground extremely quickly. (Speed+++)


Message History

Okay, then.
Okay, then.
Throw: 10 darts (poison)
Press: ? - help, Q - select action, (/) - cycle Shift-Dir - straight line, f - Dowan
Aim: Dowan, wielding a +1 morningstar of distortion (fast, 61% to hit)
You throw a poisoned dart. The poisoned dart hits Dowan!
Dowan is poisoned.
Dowan drops a net on you.
You become entangled in the net!
Unknown command.
You struggle against the net.
You tear a large gash into the net.
Dowan mumbles some strange words.
Dowan blinks!
You rip the net and break free!
Throw: 9 darts (poison)
Press: ? - help, Q - select action, (/) - cycle Shift-Dir - straight line, f/p - Dowan
Aim: Dowan, wielding a +1 morningstar of distortion (lightly wounded, fast, very poisoned, umbra, 61% to hit)
You throw a poisoned dart. The poisoned dart hits Dowan!
Dowan looks as sick as possible!
Dowan is lightly wounded.
Okay, then.
Dowan gestures wildly while chanting.
Dowan blinks!
Dowan drops a net on you.
You avoid being caught in a net.
You see here a redback corpse.
Dowan fails to trigger a net trap.
Dowan gestures wildly while chanting.
Dowan blinks!
There is an open door here.
You start resting.
Dowan is nearby!
Unknown command.
Clouds of poison gas condense around you!
The condenser dries out!
Dowan is engulfed in poison gas.
Dowan looks even sicker.
Dowan hits you with a +1 morningstar of distortion!
* * * LOW HITPOINT WARNING * * *
Dowan is engulfed in poison gas.
Dowan looks as sick as possible!
Dowan gestures at you while chanting. The shard of ice hits you!!
Ouch! That really hurt!
You die...

#### #__# #._# #)## ...#
...# ##'#
...#+#####################
...#....#)#)#)..@§#.^....+
...##.#.)#.##.###e#...†..#
...'##.#.#.##.#).##......#
...#...#..#..##.)'.§.^...#
▓▓▓▓▓▓▓▓▓▓▓▓▓▓▓▓▓#(^.^e..#
~~~........~~~...#.....^(#
♣≈≈≈≈≈≈≈≈≈≈≈≈♣♣P.'...^...#
♣♣♣♣♣♣♣♣♣♣♣♣♣♣♣PP#.^.^^..#
♣♣♣##'######


You could see Dowan (fast, extremely poisoned).

Vanquished Creatures
  Erolcha (D)
  A deep elf pyromancer (D)
  Duvessa (D)
  3 wandering mushrooms (D)
  A shadow (D)
  2 redbacks (D)
  A spatial vortex (D)
  5 two-headed ogres (D)
  A water elemental (D)
  A necrophage (D)
  A jelly (D)
  Jessica (D)
  A necromancer (D)
  A wizard (D)
  3 humans (D)
  A kobold demonologist (D)
  A wolf (D)
  An endoplasm (D)
  2 rats (D)
29 creatures vanquished.

Notes
Turn   | Place    | Note
-------+----------+-------------------------------------------
     0 | D        | mhtbhm the Spriggan Brigand began the quest for the Orb.
     0 | D        | Reached XP level 1. HP: 10/10 MP: 2/2
    11 | D        | Reached skill level 6 in Stealth
    41 | D        | Noticed Jessica
    46 | D        | Killed Jessica
    47 | D        | Reached skill level 9 in Stealth
    47 | D        | Reached XP level 2. HP: 15/15 MP: 3/3
    47 | D        | Reached XP level 3. HP: 18/18 MP: 4/4
   163 | D        | Reached skill level 10 in Stealth
   188 | D        | Reached skill level 11 in Stealth
   226 | D        | Gained mutation: You have sharp toenails. [potion of
                  | mutation]
   226 | D        | Gained mutation: Potions are less effective at restoring
                  | your health. [potion of mutation]
   227 | D        | Lost mutation: You have sharp toenails. [potion of
                  | mutation]
   227 | D        | Lost mutation: Potions are less effective at restoring your
                  | health. [potion of mutation]
   227 | D        | Gained mutation: Your body sometimes deteriorates upon
                  | taking damage. [potion of mutation]
   227 | D        | Gained mutation: Your muscles are strong. (Str +4, Int/Dex
                  | -1) [potion of mutation]
   228 | D        | Lost mutation: Your body sometimes deteriorates upon taking
                  | damage. [potion of mutation]
   228 | D        | Lost mutation: Your muscles are strong. (Str +4, Int/Dex
                  | -1) [potion of mutation]
   228 | D        | Gained mutation: You are agile. (Dex +4, Str/Int -1)
                  | [potion of mutation]
   228 | D        | Lost mutation: You are agile. (Dex +4, Str/Int -1) [potion
                  | of mutation]
   231 | D        | Noticed a water elemental
   241 | D        | Killed a water elemental
   242 | D        | Reached skill level 13 in Stealth
   242 | D        | Reached XP level 4. HP: 23/23 MP: 5/5
   341 | D        | Found a shadowy altar of Dithmenos.
   341 | D        | Noticed a necrophage
   342 | D        | Found a basalt altar of Yredelemnul.
   342 | D        | Found a sacrificial altar of Ru.
   372 | D        | Reached XP level 5. HP: 15/27 MP: 6/6
   387 | D        | Reached skill level 5 in Short Blades
   387 | D        | Reached skill level 14 in Stealth
   487 | D        | Became a worshipper of Dithmenos the Shadowed
   603 | D        | Found a glowing silver altar of Zin.
   604 | D        | Found a glowing golden altar of the Shining One.
   604 | D        | Found a white marble altar of Elyvilon.
   604 | D        | Noticed a deep elf pyromancer
   606 | D        | Killed a deep elf pyromancer
   607 | D        | Reached skill level 18 in Stealth
   607 | D        | Reached XP level 6. HP: 33/33 MP: 7/7
   607 | D        | Reached XP level 7. HP: 37/37 MP: 8/8
   617 | D        | Found a radiant altar of Vehumet.
   618 | D        | Found a shimmering blue altar of Sif Muna.
   618 | D        | Found an ancient bone altar of Kikubaaqudgha.
   623 | D        | Noticed a red devil
   627 | D        | Noticed a sun demon
   627 | D        | Reached * piety under Dithmenos
   793 | D        | Found a hide-covered altar of Uskayaw.
   793 | D        | Found an iron altar of Okawaru.
   794 | D        | Found a bloodstained altar of Trog.
   794 | D        | Found an ornate altar of the Wu Jian Council.
   794 | D        | Noticed a human
   794 | D        | Noticed a human
   796 | D        | Killed a human
   797 | D        | Reached skill level 19 in Stealth
   797 | D        | Killed a human
   813 | D        | Noticed a shadow
   815 | D        | Killed a shadow
   815 | D        | Reached ** piety under Dithmenos
   816 | D        | Reached skill level 20 in Stealth
   816 | D        | Reached XP level 8. HP: 42/42 MP: 9/9
  1014 | D        | Found a blossoming altar of Fedhas.
  1014 | D        | Found a stormy altar of Qazlal.
  1015 | D        | Found a snail-covered altar of Cheibriados.
  1015 | D        | Found a burning altar of Makhleb.
  1015 | D        | Found a hazy altar of Hepliaklqana.
  1015 | D        | Found a shimmering altar of Xom.
  1015 | D        | Found an opulent altar of Gozag.
  1015 | D        | Found a sparkling altar of Nemelex Xobeh.
  1015 | D        | Found a corrupted altar of Lugonu.
  1015 | D        | Found a viscous altar of Jiyva.
  1040 | D        | Reached *** piety under Dithmenos
  1044 | D        | Reached skill level 21 in Stealth
  1048 | D        | Noticed a two-headed ogre
  1051 | D        | Killed a two-headed ogre
  1057 | D        | Noticed a two-headed ogre
  1057 | D        | Noticed Erolcha
  1059 | D        | Killed Erolcha
  1060 | D        | Reached skill level 10 in Short Blades
  1060 | D        | Reached skill level 23 in Stealth
  1060 | D        | Reached XP level 9. HP: 46/46 MP: 10/10
  1060 | D        | Killed a two-headed ogre
  1061 | D        | Reached skill level 5 in Fighting
  1061 | D        | Reached skill level 10 in Throwing
  1070 | D        | Reached **** piety under Dithmenos
  1102 | D        | Noticed a wandering mushroom
  1106 | D        | Noticed a wandering mushroom
  1108 | D        | Noticed a wandering mushroom
  1109 | D        | Killed a wandering mushroom
  1110 | D        | Reached skill level 24 in Stealth
  1114 | D        | Killed a wandering mushroom
  1117 | D        | Killed a wandering mushroom
  1131 | D        | Noticed Duvessa
  1132 | D        | Noticed Dowan
  1133 | D        | Killed Duvessa
  1134 | D        | Reached skill level 25 in Stealth
  1160 | D        | Killed from afar by Dowan

Illustrated notes

Levels and vault maps discovered:
D:        dungeon_sprint_mu [sprint_mu_entry_cave, sprint_mu_temple_rooms,
          sprint_mu_d1_spiders, sprint_mu_d2_genie, sprint_mu_d3_branching,
          sprint_mu_orc_legion, sprint_mu_elf_gauntlet, sprint_mu_hive_nellie,
          sprint_mu_lair_fedhas, sprint_mu_vaults_butterflies,
          sprint_mu_slime_circle, sprint_mu_swamp_cave, sprint_mu_shoals_archi,
          sprint_mu_blade_basic, sprint_mu_crypt_lich, sprint_mu_tomb_spiral,
          sprint_mu_vestibule_basic, sprint_mu_gehenna_hellfire,
          sprint_mu_dis_giant, sprint_mu_tartarus_statrot,
          sprint_mu_cocytus_islands, sprint_mu_zot1]

Skill      XL: |  1  2  3  4  5  6  7  8  9 |
---------------+----------------------------+-----
Stealth        | 9 13 18 20 23 25 | 25.0
Fighting       | 2 3 4 5 |  5.3
Short Blades   | 3 4 7 8 10 11 | 11.1
Throwing       | 3 4 6 7 9 10 | 10.8
Dodging        | 2 3 4 |  4.7
Invocations    | |  0.3

Action                   |  1- 3 |  4- 6 |  7- 9 || total
-------------------------+-------+-------+-------++-------
Melee: Dagger            |    18 |    29 |    24 ||    71
       Punch             |     1 |       |     1 ||     2
Throw: Dart              |     8 |     5 |    14 ||    27
Invok: Shadow Step       |       |       |     2 ||     2
Evoke: Condenser vane    |       |       |     1 ||     1
  Use: Potion            |     4 |     2 |     1 ||     7
       Scroll            |       |       |     1 ||     1
 Stab: Sleeping          |     2 |     1 |    17 ||    20
Armor: Robe              |     1 |       |       ||     1
Dodge: Dodged            |     8 |     8 |     5 ||    21

Table legend: (Time is in decaauts)
 A = Elapsed time spent in this place.
 B = Non-inter-level travel time spent in this place.
 C = Inter-level travel time spent in this place.
 D = Time resting spent in this place.
 E = Time spent auto-exploring this place.
 F = Levels seen in this place.
 G = Mean time per level.
                   A        B        C        D        E       F      G
               +--------+--------+--------+--------+--------+-----+--------+
         Total |   1006 |   1006 |      0 |    701 |     13 |   1 | 1006.0 |
       Dungeon |   1006 |   1006 |      0 |    701 |     13 |   1 | 1006.0 |
               +--------+--------+--------+--------+--------+-----+--------+

Top non-repeatable levels by time:
       D: 1006 daAuts
